 Dungeon Crawl Stone Soup version 0.27.1-34-g3ba077fa99 (webtiles) character file.

Game seed: 15686361535196098776

43 sankara the Ruffian (level 3, -4/28 HPs)
             Began as a Minotaur Transmuter on Jan 19, 2022.
             Succumbed to a kobold's poison
             ... on level 2 of the Dungeon.
             The game lasted 00:02:42 (1009 turns).

sankara the Ruffian (Minotaur Transmuter)           Turns: 1009, Time: 00:02:43

Health: -4/28      AC:  2    Str: 14    XL:     3   Next: 37%
Magic:  3/4        EV: 12    Int: 10    God:
Gold:   40         SH:  0    Dex: 11    Spells: 2/5 levels left

rFire    . . .     SeeInvis .     - Unarmed
rCold    . . .     Faith    .   (no shield)
rNeg     . . .     Spirit   .   a - +0 robe
rPois    .         Reflect  .   (helmet currently unavailable)
rElec    .         Harm     .   (no cloak)
rCorr    .         Rampage  .   (no gloves)
Will     .....                  (boots currently unavailable)
Stlth    +.........             (no amulet)
HPRegen  0.09/turn              (no ring)
MPRegen  0.09/turn              (no ring)

@: lethally poisoned (-4 -> -29), appendages (expiring), invisible
A: talons 2, horns 2, retaliatory headbutt
a: End Transformation


You were on level 2 of the Dungeon.
You had temporarily grown beastly talons.
You visited 1 branch of the dungeon, and saw 2 of its levels.

You collected 40 gold pieces.

Inventory:

Missiles
 b - 3 stones
Armour
 a - a +0 robe (worn)
Scrolls
 d - a scroll of vulnerability {unknown}
 f - 2 scrolls of teleportation {unknown}
 h - a scroll of amnesia {unknown}
 i - 3 scrolls of identify {unknown}
Potions
 c - a potion of curing {unknown}
 e - a potion of heal wounds {unknown}
 g - a potion of invisibility
 j - a potion of cancellation {unknown}


   Skills:
 - Level 1.2 Fighting
 - Level 2.1 Dodging
 + Level 4.1 Unarmed Combat
 - Level 1.5 Spellcasting
 + Level 2.4 Transmutations


You had 2 spell levels left.
You knew the following spells:

 Your Spells              Type           Power      Damage    Failure   Level
a - Beastly Appendage     Tmut           10%        N/A       12%         1
b - Wereblood             Tmut           5%         N/A       19%         2

Your spell library contained the following spells:

 Spells                   Type           Power      Damage    Failure   Level
 Spider Form              Tmut/Pois      1%         N/A       52%         3
 Gell's Gravitas          Tloc           0%         N/A       69%         3
 Teleport Other           Tloc           0%         N/A       69%         3
 Ice Form                 Ice/Tmut       3%         N/A       89%         4
 Dispersal                Tloc           0%         N/A       100%        6


Dungeon Overview and Level Annotations

Branches:
Dungeon (2/15)

Altars:

Shops:
D:2 *


Innate Abilities, Weirdness & Mutations

You have temporarily grown beastly talons.
You have a pair of horns on your head.
You reflexively headbutt those who attack you in melee.


Message History

You hit the adder.
You kill the adder!
Your transformation is almost over.
Press: ? - help, v - describe, . - travel
Here: a kobold, wielding a +2 whip of venom The floor.
Unknown command.
Casting: Beastly Appendage (safe; 12% risk of failure)
Confirm with . or Enter, or press ? or * to list all spells.
You extend your transformation's duration.
The bat closely misses you. The bat hits you but does no damage.
The bat hits you.
You hit the bat. Your kick misses the bat.
The bat is moderately wounded.
The bat hits you. The bat closely misses you. The bat hits you.
You hit the bat.
You kill the bat!
You barely miss the kobold.
Your transformation is almost over.
The kobold hits you with a +2 whip of venom.
You are lethally poisoned!
You closely miss the kobold.
You feel very sick. The kobold closely misses you.
You are too injured to fight recklessly!
You barely miss the kobold.
You feel very sick.
The kobold hits you with a +2 whip of venom.
* * * LOW HITPOINT WARNING * * *
You are more poisoned.
You completely miss the kobold. Your kick misses the kobold.
Your headbutt misses the kobold.
* * * LOW HITPOINT WARNING * * *
You feel very sick.
The kobold hits you with a +2 whip of venom.
* * * LOW HITPOINT WARNING * * *
You are more poisoned.
It was a potion of invisibility.
You fade into invisibility!
You die...

...............#
.....#..###...<#
..#............#
#........##....# ..
#.###....##....#
#.# #...#...#....#
.#...#.#.#...#....#
.:....K###...#
###@.....# #†##...#
#.##...# ...#...#
....#...#
.....#...#
......#...#
.......#...#


You could see a kobold.

Vanquished Creatures
  An adder (D:2)
  A dart slug (D:1)
  5 endoplasms (D:1)
  2 giant cockroaches (D:1)
  5 goblins (D:1)
  3 hobgoblins
  A quokka (D:1)
  A ball python (D:1)
  3 bats
  2 kobolds (D:1)
  7 rats
31 creatures vanquished.

Notes
Turn   | Place    | Note
-------+----------+-------------------------------------------
     0 | D:1      | sankara the Minotaur Transmuter began the quest for the
                  | Orb.
     0 | D:1      | Reached XP level 1. HP: 16/16 MP: 1/1
   255 | D:1      | Reached XP level 2. HP: 19/23 MP: 1/3
   580 | D:1      | Found a faded altar of an unknown god.
   732 | D:1      | Reached XP level 3. HP: 24/28 MP: 2/4
   787 | D:1      | Reached skill level 4 in Unarmed Combat
   923 | D:2      | Learned a level 2 spell: Wereblood
   947 | D:2      | Found Gimaa's General Store.
  1009 | D:2      | Succumbed to a kobold's poison

Illustrated notes

Levels and vault maps discovered:
D:1:      minmay_arrival_stair_chambers, layout_rooms,
          chequers_ecumenical_altar_simple, minmay_pentomino_q2
D:2:      minmay_evil_eye, layout_basic, serial_shops, nicolae_shop_trees,
          serial_glass, glass_columns_a, glass_columns_b,
          minmay_strange_pillars, due_unseen_surprise, uniq_robin

Skill      XL: |  1  2  3 |
---------------+----------+-----
Transmutations | 2 |  2.4
Unarmed Combat | 4 |  4.1
Fighting       | |  1.2
Dodging        | |  2.1
Spellcasting   | |  1.5

Action                   || total
-------------------------++-------
Melee: Unarmed           ||    59
       Kick              ||    12
       Headbutt          ||     2
 Cast: Beastly Appendage ||    20
  Use: Potion            ||     1
Armor: Robe              ||     9
Dodge: Dodged            ||    31
